cohdb
Replays
Latest Replays
All Replays
Popular Replays
Top Player Replays
Match Explorer
How It Works
Community
CoH3 Stats
Reddit
Sign in to upload your games and track your stats! →
Sign in with Steam
Match 40938370
Unlisted
Match 40938370
Overview
Messages
Build Orders
End
Construct Barracks
Selects Heavy Weapons
Riflemen Squad
1⁄4-ton 4x4 Truck
Riflemen Squad
Riflemen Squad
Riflemen Squad
Construct Medical Station
Grenade Package
Selects Assault Carriers
Infantry Support Center
Construct Weapon Support Center
Selects Exchangeable Parts
Selects M2HB .50cal Heavy Machine Gun
M3 Assault Carrier
M1918 Browning Automatic Rifles
Riflemen Squad
Construct Motor Pool
M3 Assault Carrier
Advanced Logistics
M3 Assault Carrier
PAX AJAX
FeriG
0
0
Comments
sign in to comment!
No comments posted yet!